 Dungeon Crawl Stone Soup version 0.19.0-19-g8c6edcc (webtiles) character file.

7029 Minion the Basher (level 11, -8/51 HPs)
             Began as a Vine Stalker Fighter on Nov 12, 2016.
             Was an Elder of Makhleb.
             Mangled by an unseen horror (9 damage)
             ... on level 10 of the Dungeon.
             The game lasted 00:37:47 (7907 turns).

Minion the Basher (Vine Stalker Fighter)            Turns: 7907, Time: 00:37:48

Health: -8/51      AC:  9    Str: 18    XL:     11   Next: 8%
Magic:  0/25       EV: 13    Int:  8    God:    Makhleb [****..]
Gold:   357        SH: 10    Dex: 18    Spells: 0 memorised, 10 levels left

rFire  . . .     SeeInvis .     s - +2 whip (flame)
rCold  . . .     Gourm    .     q - +2 ring mail of Nutog {rPois}
rNeg   . . .     Faith    .     c - +0 shield
rPois  +         Spirit   +     e - +0 helmet
rElec  .         Reflect  .     (no cloak)
rCorr  .         Harm     .     l - +0 pair of gloves
MR     +....                    (no boots)
Stlth  +.........               (no amulet)
                                (no ring)
                                k - ring of magical power

@: very slightly contaminated
A: fangs 3, regeneration 1, magic shield, antimagic bite, no device heal 3, rot
immunity
a: Minor Destruction, Lesser Servant of Makhleb, Major Destruction, Renounce
Religion


You were on level 10 of the Dungeon.
You worshipped Makhleb.
Makhleb was greatly pleased with you.
You were hungry.

You visited 2 branches of the dungeon, and saw 11 of its levels.

You collected 357 gold pieces.

Inventory:

Hand Weapons
 a - a +0 flail
 g - a +0 whip
 s - a +2 whip of flaming (weapon)
 x - a +0 whip of freezing
Armour
 c - a +0 shield (worn)
 e - a +0 helmet (worn)
 l - a +0 pair of gloves (worn)
 q - the +2 ring mail of Nutog (worn) {rPois}
   (You found it on level 5 of the Dungeon)

   It protects you from poison.
Jewellery
 k - a ring of magical power (left hand)
Wands
 i - a wand of iceblast (2/15)
 y - a wand of enslavement (5/24)
 A - a wand of digging (11/24)
 J - a wand of flame (10/48)
Scrolls
 b - 2 scrolls of recharging
 n - 2 scrolls of magic mapping
 u - 8 scrolls of identify
 w - 3 scrolls of remove curse
 z - 3 scrolls of amnesia
 C - a scroll of random uselessness {unknown}
 E - a scroll of enchant weapon {unknown}
 I - a scroll of fog
 K - a scroll of immolation {unknown}
 M - a scroll of noise {unknown}
Potions
 d - 2 potions of might
 h - 6 potions of curing {unknown}
 j - 2 potions of brilliance {unknown}
 o - a potion of ambrosia {unknown}
 p - 4 potions of lignification {unknown}
 r - 3 potions of mutation {unknown}
 v - a potion of cure mutation {unknown}
 B - a potion of magic {unknown}
 D - 2 potions of agility {unknown}
 L - a potion of degeneration {unknown}
Books
 F - a book of Clouds

   Spells                             Type                      Level
   a - Mephitic Cloud                 Conjuration/Poison/Air       3
   b - Conjure Flame                  Conjuration/Fire             3
   c - Poisonous Cloud                Conjuration/Poison/Air       6
   d - Freezing Cloud                 Conjuration/Ice/Air          6
   e - Ring of Flames                 Charms/Fire                  7
Comestibles
 f - 4 bread rations
 m - 6 meat rations
 G - 6 fruits
 N - 2 chunks of flesh


   Skills:
 - Level 2.6 Fighting
 + Level 11.0 Maces & Flails
 - Level 2.4 Armour
 - Level 6.7 Dodging
 - Level 5.3 Shields
 + Level 6.5 Invocations


You had 10 spell levels left.
You didn't know any spells.

Dungeon Overview and Level Annotations

Branches:
Dungeon (10/15)            Temple (1/1) D:5            Lair (0/6) D:8
    Orc (0/2) D:9

Altars:
Ashenzari
Fedhas
Gozag
Hepliaklqana
Kikubaaqudgha
Makhleb
Nemelex Xobeh
Okawaru
Qazlal
Sif Muna
Trog
Uskayaw
Vehumet
Zin
The Shining One


Innate Abilities, Weirdness & Mutations

You have razor-sharp teeth.
Your natural rate of healing is unusually fast.
When hurt, damage is shared between your health and your magic reserves.
Your bite disrupts and absorbs the magic of your enemies.
Potions and wands cannot restore your health.
You are immune to rotting.


Message History

You feel invigorated. Something barely misses you.
You swing at nothing.
You closely miss something. Something hits you but does no damage.
You swing at nothing.
You block something's attack. Something hits you.
* * * LOW HITPOINT WARNING * * *
You swing at nothing.
Something hits you.
* * * LOW HITPOINT WARNING * * *
You miss something. You bite something. You drain its power.
You feel invigorated. Something hits you.
* * * LOW HITPOINT WARNING * * *
There is an open door here.
Something hits you!
* * * LOW HITPOINT WARNING * * *
Something hits you.
* * * LOW HITPOINT WARNING * * *
You hit something. You burn something. Something hits you!
* * * LOW HITPOINT WARNING * * *
Something hits you!
You die...

.§#......########.........#.
#.{........)....#...........
###......######...........#
###.#### ###.........# #..#
###÷####### #.## #...# #.#
##'#### #.# #>....#
###.##### ###@###.#
#.......# ###.'.# #
#.......# #...### #.......#
#.### #.......###.#
#......{##..# #..........##
#.......#### ###....##


There were no monsters in sight!

Vanquished Creatures
  Pikel (D:7)
  3 polar bears (D:8)
  2 trolls
  Grinder (D:5)
  A hippogriff (D:9)
  3 yaks
  A water moccasin (D:9)
  4 orc warriors
  A sky beast (D:10)
  2 black bears
  4 ice beasts (D:8)
  4 ogres
  5 wolves
  A phantom (D:9)
  5 centaurs
  2 big kobolds
  3 bullfrogs
  6 scorpions
  6 killer bees (D:7)
  2 electric eels (D:8)
  3 wights (D:9)
  2 howler monkeys
  3 crimson imps
  A jelly (D:6)
  A quasit (D:7)
  2 bullfrog skeletons
  7 hounds
  6 orc priests
  A centaur skeleton (D:8)
  2 iguanas (D:4)
  An orc wizard (D:9)
  6 worker ants
  A bullfrog simulacrum (D:8)
  2 killer bee simulacra (D:8)
  A worker ant zombie (D:10)
  4 gnolls (D:7)
  5 adders
  A shadow imp (D:9)
  4 white imps (D:8)
  2 howler monkey simulacra (D:8)
  A worker ant simulacrum (D:8)
  An ufetubus (D:8)
  3 dart slugs
  8 leopard geckos
  39 orcs
  2 giant cockroaches (D:3)
  9 goblins
  10 hobgoblins
  10 jackals
  7 quokkas
  5 bats
  4 frilled lizards
  11 kobolds
  A quokka skeleton (D:4)
  A quokka zombie (D:6)
  7 rats
231 creatures vanquished.

Vanquished Creatures (collateral kills)
  2 orcs (D:7)
2 creatures vanquished.

Vanquished Creatures (others)
  A slave (D:8)
  2 centaurs (D:7)
  An orc wizard (D:7)
  A worker ant (D:7)
  2 adders (D:7)
  2 orcs (D:7)
  A quokka (D:8)
10 creatures vanquished.

Grand Total: 243 creatures vanquished

Notes
Turn   | Place    | Note
-------+----------+-------------------------------------------
     0 | D:1      | Minion the Vine Stalker Fighter began the quest for the Orb.
     0 | D:1      | Reached XP level 1. HP: 11/11 MP: 2/2
    68 | D:1      | Reached skill level 2 in Maces & Flails
   190 | D:1      | Reached XP level 2. HP: 7/16 MP: 3/3
   787 | D:1      | Reached XP level 3. HP: 19/19 MP: 4/4
   946 | D:1      | Reached skill level 1 in Dodging
  1054 | D:1      | Reached skill level 3 in Maces & Flails
  1696 | D:3      | Gained mutation: Your natural rate of healing is unusually fast. [Vine Stalker growth]
  1696 | D:3      | Reached XP level 4. HP: 23/23 MP: 5/5
  2312 | D:4      | Reached XP level 5. HP: 27/27 MP: 6/6
  2330 | D:4      | Reached skill level 4 in Maces & Flails
  2764 | D:5      | Entered Level 5 of the Dungeon
  2764 | D:5      | Noticed a slave
  2764 | D:5      | Noticed a slave
  2764 | D:5      | Noticed Grinder
  2766 | D:5      | Noticed a slave
  2846 | D:5      | Reached XP level 6. HP: 27/32 MP: 7/7
  2968 | D:5      | Noticed Pikel
  3072 | D:5      | Paralysed by Grinder for 5 turns
  3083 | D:5      | Killed Grinder
  3083 | D:5      | Reached skill level 5 in Maces & Flails
  3083 | D:5      | Reached XP level 7. HP: 24/35 MP: 8/8
  3217 | D:5      | Reached skill level 5 in Shields
  3254 | D:5      | Found a hide-covered altar of Uskayaw.
  3271 | D:5      | Got an encrusted ring mail
  3282 | D:5      | Identified the +2 ring mail of Nutog {rPois} (You found it on level 5 of the Dungeon)
  3312 | D:5      | Found a staircase to the Ecumenical Temple.
  3337 | Temple   | Entered the Ecumenical Temple
  3393 | Temple   | Became a worshipper of Makhleb the Destroyer
  3761 | D:6      | Found an opulent altar of Gozag.
  3790 | D:6      | Reached * piety under Makhleb
  3992 | D:6      | Reached skill level 6 in Maces & Flails
  4065 | D:6      | Gained mutation: You have razor-sharp teeth. [Vine Stalker growth]
  4065 | D:6      | Reached XP level 8. HP: 39/39 MP: 9/9
  4136 | D:7      | Killed Pikel
  4136 | D:7      | Reached skill level 7 in Maces & Flails
  4380 | D:7      | Reached XP level 9. HP: 43/43 MP: 10/10
  4481 | D:7      | Reached skill level 5 in Dodging
  4498 | D:7      | Reached skill level 8 in Maces & Flails
  4537 | D:7      | Got a twisted robe
  4548 | D:7      | Identified the cursed +1 robe of Plog {rElec} (You found it on level 7 of the Dungeon)
  4681 | D:7      | Found a deep blue altar of Sif Muna.
  5092 | D:8      | Noticed a polar bear
  5558 | D:8      | Noticed a polar bear
  5571 | D:8      | Killed a polar bear
  5593 | D:8      | Killed a polar bear
  5593 | D:8      | Reached skill level 9 in Maces & Flails
  5680 | D:8      | Reached ** piety under Makhleb
  5695 | D:7      | Reached XP level 10. HP: 37/47 MP: 11/11
  5816 | D:7      | Reached skill level 1 in Invocations
  6153 | D:8      | Reached skill level 10 in Maces & Flails
  6331 | D:8      | Reached *** piety under Makhleb
  6573 | D:8      | Found a staircase to the Lair.
  6705 | D:8      | Found a shattered altar of Ashenzari.
  6977 | D:9      | Reached skill level 5 in Invocations
  7004 | D:9      | Found a staircase to the Orcish Mines.
  7345 | D:9      | Found a blossoming altar of Fedhas.
  7364 | D:9      | Reached **** piety under Makhleb
  7392 | D:9      | Reached XP level 11. HP: 51/51 MP: 16/16
  7715 | D:10     | Entered Level 10 of the Dungeon
  7750 | D:10     | Reached skill level 11 in Maces & Flails
  7881 | D:10     | HP: 2/51 [something (1)]
  7907 | D:10     | HP: 1/51 [something (4)]
  7907 | D:10     | Mangled by an unseen horror

Skill      XL: |  1  2  3  4  5  6  7  8  9 10 11 |
---------------+----------------------------------+-----
Maces & Flails | 2 3 4 5 6 7 9 10 11 | 11.0
Dodging        | 1 2 4 6 |  6.7
Shields        | 3 4 5 |  5.3
Invocations    | 6 |  6.5
Fighting       | |  2.6
Armour         | |  2.4

Action                   |  1- 3 |  4- 6 |  7- 9 | 10-12 || total
-------------------------+-------+-------+-------+-------++-------
Melee: Whip              |   114 |   157 |   366 |   489 ||  1126
       Flail             |    10 |       |       |       ||    10
       Bite              |    37 |    60 |   156 |   174 ||   427
Invok: Lesser Servant of |       |       |       |     1 ||     1
Evoke: Wand              |       |       |    13 |       ||    13
  Use: Scroll            |       |     9 |     3 |     2 ||    14
       Potion            |       |     1 |       |       ||     1
 Stab: Distracted        |       |       |     1 |       ||     1
  Eat: Chunk             |     2 |     5 |     2 |     6 ||    15
       Royal jelly       |       |       |     1 |       ||     1
       Beef jerky        |       |       |     1 |       ||     1
       Bread ration      |       |       |     1 |       ||     1
Armor: Scale mail        |    42 |    40 |    13 |       ||    95
       Ring mail         |       |       |    77 |    91 ||   168
Dodge: Dodged            |    23 |    44 |   139 |   162 ||   368
Block: Shield            |    60 |    68 |   165 |   183 ||   476
